 Dungeon Crawl Stone Soup version 0.31-a0-437-g7cee417757 (webtiles) character file.

Game seed: 10336865867607560631

15932 Ethylacetat the Martial Artist (level 12, -15/65 HPs)
             Began as a Vine Stalker Monk on Aug 2, 2023.
             Was a Priest of Uskayaw.
             Demolished by a dire elephant simulacrum (30 damage)
             ... in an ice cave.
             The game lasted 00:21:33 (8739 turns).

Ethylacetat the Martial Artist (Vine Stalker Monk)  Turns: 8739, Time: 00:21:36

Health: -15/65     AC: 24    Str: 15    XL:     12   Next: 32%
Magic:  0/22       EV: 11    Int: 10    God:    Uskayaw [***...]
Gold:   647        SH:  0    Dex: 21    Spells: 23/23 levels left

rFire   . .          .
                       - Unarmed
rCold   . . .        c - orb {light}
rNeg    . . .        s - +5 plate armour of Untruth {rElec Slay+4}
rPois   +            (no helmet)
rElec   +            H - +0 cloak {rPois}
rCorr   .            f - +0 pair of gloves
SInv    .            (no boots)
Will    +....        z - amulet of the acrobat Stlth
                     l - +5 ring of evasion
HPRegen 1.10/turn    F - +4 ring of protection
MPRegen 0.18/turn

%: acrobat, guardian spirit
@: glowing
A: fangs 3, regeneration 1, magic shield, antimagic bite, no potion heal 2
a: Renounce Religion, Stomp, Line Pass


You were in an ice cave.
You worshipped Uskayaw.
Uskayaw was aware of your devotion.
You visited 2 branches of the dungeon, and saw 13 of its levels.
You also visited: Ice Cave.

You collected 699 gold pieces.
You spent 52 gold pieces at shops.

Inventory:

Hand Weapons
 E - a +2 dagger of electrocution
Missiles
 C - 28 poisoned darts
Armour
 c - an orb of light (worn)
 f - a +0 pair of gloves (worn)
 s - the +5 plate armour of Untruth (worn) {rElec Slay+4}
   (You found it on level 3 of the Dungeon)

   Slay:      It affects your accuracy & damage with ranged weapons and melee
   (+4).
   rElec:     It insulates you from electricity.
 H - a +0 cloak of poison resistance (worn)
Jewellery
 l - a +5 ring of evasion (left hand)
 z - an amulet of the acrobat (around neck)
 F - a +4 ring of protection (right hand)
 I - a +6 ring of strength
 K - a ring of flight
Talismans
 A - a serpent talisman
Wands
 x - a wand of flame (32)
 D - a wand of charming (11)
 G - a wand of roots (13)
 L - a wand of acid (2)
Scrolls
 a - 3 scrolls of teleportation
 d - 2 scrolls of amnesia
 e - 3 scrolls of enchant armour
 r - 3 scrolls of enchant weapon
 t - 3 scrolls of poison
 w - 2 scrolls of vulnerability
 B - a scroll of fear
Potions
 b - 2 potions of haste
 h - 3 potions of resistance {unknown}
 i - a potion of berserk rage {unknown}
 j - 2 potions of attraction {unknown}
 k - 5 potions of curing
 n - a potion of cancellation {unknown}
 o - 5 potions of might
 p - a potion of brilliance {unknown}
 q - 2 potions of heal wounds {unknown}
 u - 2 potions of magic {unknown}
Miscellaneous
 J - a phantom mirror


   Skills:
 + Level 8.4 Fighting
 * Level 6.7 Short Blades
 + Level 6.4 Armour
 - Level 3.8 Dodging
 + Level 6.5 Stealth
 - Level 8.4 Unarmed Combat
 + Level 6.4 Spellcasting
 * Level 8.0 Invocations


You had 23 spell levels left.
You didn't know any spells.
Your spell library contained the following spells:

 Spells                   Type           Power      Damage    Failure   Level
 Apportation              Tloc           6%         N/A       100%        1
 Necrotise                Necr           12%        1d4       100%        1
 Sandblast                Erth           6%         2d5       100%        1
 Summon Small Mammal      Summ           12%        N/A       100%        1
 Passwall                 Tmut/Erth      2%         N/A       100%        2
 Static Discharge         Conj/Air       6%         2-3/arc   100%        2
 Ignite Poison            Fire/Tmut/Pois 3%         N/A       100%        3
 Ozocubu's Armour         Ice            3%         N/A       100%        3
 Stone Arrow              Conj/Erth      6%         3d7       100%        3
 Summon Guardian Golem    Hex/Summ       3%         N/A       100%        3
 Airstrike                Air            1%         2d(1-17)  100%        4
 Anguish                  Hex/Necr       1%         N/A       100%        4
 Cause Fear               Hex            1%         N/A       100%        4
 Sticky Flame             Conj/Fire      3%         2d3       100%        4
 Summon Lightning Spire   Summ/Air       3%         N/A       100%        4
 Enfeeble                 Hex            1%         N/A       100%        7
 Haunt                    Necr/Summ      1%         N/A       100%        7
 Orb of Destruction       Conj           1%         9d5       100%        7
 Ozocubu's Refrigeration  Ice            1%         4d7       100%        7
 Spellforged Servitor     Conj/Summ      1%         N/A       100%        7
 Borgnjor's Revivificati  Necr           1%         N/A       100%        8
 Ignition                 Fire           1%         3d3       100%        8
 Death's Door             Necr           1%         N/A       100%        9


Dungeon Overview and Level Annotations

Branches:
Dungeon (12/15)            Temple (1/1) D:7            Lair (0/5) D:10
    Orc (0/2) D:11          IceCv (1/1)

Altars:
Ashenzari
Cheibriados
Dithmenos
Elyvilon
Fedhas
Gozag
Hepliaklqana
Kikubaaqudgha
Makhleb
Nemelex Xobeh
Okawaru
Qazlal
Ru
Sif Muna
Trog
Uskayaw
Vehumet
Wu Jian
Xom
Yredelemnul
Zin
The Shining One

Shops:
D:2 ?(!   D:5 =   D:6 :   D:9 !


Innate Abilities, Weirdness & Mutations

You have razor-sharp teeth.
Your natural rate of healing is unusually fast.
When hurt, damage is shared between your health and your magic reserves.
Your bite disrupts and absorbs the magic of your enemies.
Potions cannot restore your health.


Message History

The cane toad simulacrum barely misses you.
You hit the cane toad simulacrum but do no damage.
You bite the cane toad simulacrum. You drain its power.
You feel invigorated.
The cane toad simulacrum is severely damaged.
The cane toad simulacrum hits you! The cane toad simulacrum freezes you!
You hit the cane toad simulacrum. You bite the cane toad simulacrum.
The cane toad simulacrum vaporises!
Uskayaw will force your foes to helplessly watch your dance.
No reachable target in view!
No reachable target in view!
You punch the elephant simulacrum! You bite the elephant simulacrum!
You drain its power.
You feel invigorated.
The elephant simulacrum is almost destroyed.
The elephant simulacrum tramples you.
You stumble backwards!
You hit the elephant simulacrum.
The elephant simulacrum is almost destroyed.
The elephant simulacrum tramples you but does no damage.
The elephant simulacrum trunk-slaps you but does no damage.
You punch the elephant simulacrum!
The elephant simulacrum vaporises!
Your Invocations skill increases to level 8!
You hit the dire elephant simulacrum but do no damage.
You bite the dire elephant simulacrum! You drain its power.
You feel invigorated.
The dire elephant simulacrum is moderately damaged.
The dire elephant simulacrum closely misses you.
The dire elephant simulacrum trunk-slaps you!
The dire elephant simulacrum freezes you!!!
* * * LOW HITPOINT WARNING * * *
Press: ? - help, v - describe, . - travel
Here: a dire elephant simulacrum (freezing vapour, moderately damaged, haloed)
The floor, spattered with blood.
You hit the dire elephant simulacrum.
You bite the dire elephant simulacrum, but do no damage.
The dire elephant simulacrum is moderately damaged.
The dire elephant simulacrum tramples you but does no damage.
The dire elephant simulacrum trunk-slaps you.
* * * LOW HITPOINT WARNING * * *
The dire elephant simulacrum freezes you!!!
You die...

#########
#.......#
#...∩...#
#.......#
#.......#
#...∩...#
##..@..##
##.Z.##
##.## ...
.....
.......
#.......#
#$.....(#
#$.....[#


You could see a dire elephant simulacrum.

Vanquished Creatures
  Frances (D:12)
  Erica (D:8)
  A boulder beetle (D:9)
  2 two-headed ogres
  Maurice (D:8)
  An ugly thing (D:10)
  A cyclops (D:12)
  2 gargoyles
  An unseen horror (D:10)
  A komodo dragon (D:11)
  2 ice devils (D:12)
  A merfolk (D:11)
  2 trolls
  Sigmund (D:2)
  24 yaks
  2 shadows
  4 wyverns
  A wraith (D:9)
  A basilisk (D:11)
  Menkaure (D:7)
  A water moccasin (D:7)
  5 acid dragons
  3 orc warriors (D:11)
  An ice beast (D:6)
  A sky beast (D:7)
  2 ogres
  6 centaurs
  3 kobold brigands
  4 bullfrogs
  A scorpion (D:7)
  A necrophage (D:11)
  A gnoll sergeant (D:10)
  4 wights (D:8)
  A cane toad simulacrum (IceCv)
  4 killer bees (D:10)
  An elephant simulacrum (IceCv)
  9 howler monkeys
  An electric eel (D:11)
  A crimson imp (D:11)
  4 jellies
  2 hounds (D:5)
  4 orc priests
  A gnoll bouda (D:7)
  Jessica (D:3)
  5 iguanas
  9 orc wizards
  2 wolf simulacra (IceCv)
  12 gnolls
  8 adders
  2 shadow imps
  An ufetubus (D:7)
  2 worms (D:2)
  2 dart slugs
  33 orcs
  5 ball pythons
  5 bats
  7 endoplasms
  2 giant cockroaches (D:2)
  8 goblins
  3 hobgoblins
  4 jackals (D:2)
  17 kobolds
  A quokka (D:2)
  8 frilled lizards (D:1)
  2 rats (D:2)
251 creatures vanquished.

Notes
Turn   | Place    | Note
-------+----------+-------------------------------------------
     0 | D:1      | Ethylacetat the Vine Stalker Monk began the quest for the
                  | Orb.
     0 | D:1      | Reached XP level 1. HP: 11/11 MP: 2/2
   157 | D:1      | Reached XP level 2. HP: 16/16 MP: 3/3
   551 | D:2      | You fall into a shaft and drop 1 floor!
   560 | D:2      | Found Recioxil's Distillery.
   563 | D:2      | Bought a potion of degeneration for 13 gold pieces
   641 | D:2      | Reached XP level 3. HP: 20/20 MP: 4/4
   679 | D:2      | Found Rise's Magic Scroll Boutique.
   679 | D:2      | Noticed Sigmund
   700 | D:2      | Killed Sigmund
   701 | D:2      | Gained mutation: Your natural rate of healing is unusually
                  | fast. [Vine Stalker growth]
   701 | D:2      | Reached XP level 4. HP: 14/25 MP: 5/5
   701 | D:2      | Reached XP level 5. HP: 16/29 MP: 6/6
   739 | D:2      | Bought a scroll of teleportation for 39 gold pieces
   782 | D:2      | Reached XP level 6. HP: 33/33 MP: 7/7
   948 | D:2      | Found Nous Jat's Weapon Emporium.
   948 | D:2      | Noticed a +0 giant spiked club
   948 | D:2      | Noticed a +0 rapier
  1224 | D:3      | Noticed Jessica
  1228 | D:3      | Killed Jessica
  1597 | D:3      | Identified the +5 plate armour of Untruth {rElec Slay+4}
  2326 | D:5      | Entered Level 5 of the Dungeon
  2535 | D:5      | Reached skill level 1 in Armour
  2535 | D:5      | Reached skill level 5 in Unarmed Combat
  2535 | D:5      | Reached XP level 7. HP: 38/38 MP: 8/8
  3020 | D:5      | Found Zimezexe's Jewellery Shop.
  3040 | D:5      | Reached skill level 5 in Fighting
  3272 | D:6      | Found an opulent altar of Gozag.
  3476 | D:6      | Gained mutation: You have razor-sharp teeth. [Vine Stalker
                  | growth]
  3476 | D:6      | Reached XP level 8. HP: 43/43 MP: 9/9
  3594 | D:6      | Found Onoelofa's Book Shop.
  3620 | D:6      | Found a stormy altar of Qazlal.
  3625 | D:6      | Noticed an air elemental
  3626 | D:6      | Noticed a water elemental
  4052 | D:7      | Noticed a wyvern
  4062 | D:7      | Killed a wyvern
  4063 | D:7      | Reached skill level 1 in Spellcasting
  4091 | D:7      | Noticed Menkaure
  4101 | D:7      | Killed Menkaure
  4199 | D:7      | Found a staircase to the Ecumenical Temple.
  4228 | Temple   | Entered the Ecumenical Temple
  4238 | Temple   | Became a worshipper of Uskayaw the Reveller
  4238 | Temple   | Reached * piety under Uskayaw
  4309 | D:7      | Noticed a yak
  4309 | D:7      | Noticed a yak
  4309 | D:7      | Noticed a yak
  4321 | D:7      | Reached ** piety under Uskayaw
  4323 | D:7      | Reached *** piety under Uskayaw
  4324 | D:7      | Killed a yak
  4325 | D:7      | Reached XP level 9. HP: 45/48 MP: 13/13
  4326 | D:7      | Reached **** piety under Uskayaw
  4332 | D:7      | Reached ***** piety under Uskayaw
  4497 | D:7      | Reached skill level 1 in Invocations
  4511 | D:7      | Reached ****** piety under Uskayaw
  5358 | D:8      | Noticed Erica
  5373 | D:8      | Killed Erica
  5374 | D:8      | Reached XP level 10. HP: 32/55 MP: 14/17
  5460 | D:8      | Noticed Maurice
  5470 | D:8      | Killed Maurice
  5854 | D:9      | Reached skill level 5 in Armour
  5956 | D:9      | Noticed a boulder beetle
  6029 | D:9      | Killed a boulder beetle
  6030 | D:9      | Reached skill level 5 in Invocations
  6165 | D:9      | Reached skill level 5 in Spellcasting
  6165 | D:9      | Reached XP level 11. HP: 42/58 MP: 15/19
  6210 | D:9      | Found Ycwum's Distillery.
  6843 | D:10     | Entered Level 10 of the Dungeon
  6960 | D:10     | Noticed a green ugly thing
  6973 | D:10     | Killed a green ugly thing
  7038 | D:10     | Found a staircase to the Lair.
  7140 | D:10     | Reached skill level 5 in Short Blades
  7508 | D:10     | Found a broken altar of Ashenzari.
  7514 | D:10     | Found a hazy altar of Hepliaklqana.
  7719 | D:11     | Found a staircase to the Orcish Mines.
  7731 | D:11     | Reached skill level 5 in Stealth
  7758 | D:11     | Found a white marble altar of Elyvilon.
  8017 | D:11     | Noticed a two-headed ogre
  8026 | D:11     | Killed a two-headed ogre
  8533 | D:12     | Noticed Frances
  8539 | D:12     | Reached XP level 12. HP: 49/65 MP: 16/22
  8553 | D:12     | Killed Frances
  8579 | D:12     | Noticed a two-headed ogre
  8593 | D:12     | Killed a two-headed ogre
  8694 | D:12     | Found a frozen archway.
  8725 | IceCv    | Entered an ice cave
  8739 | IceCv    | Demolished by a dire elephant simulacrum

Illustrated notes

Levels and vault maps discovered:
D:1:      dpeg_arrival_shrine, layout_loops_ring, minmay_lizard_pond
D:2:      layout_rooms, serial_shops, shop, shop, nicolae_shop_mannequins,
          hangedman_decor_clover_reticule, minmay_distorted, uniq_sigmund
D:3:      layout_loops_ring, uniq_jessica
D:4:      layout_basic
D:5:      layout_basic, serial_shops, nicolae_shop_rolling_square
D:6:      layout_loops_ring, nicolae_overflow_crystal_walls,
          nicolae_qazlal_style_of_elements, serial_shops, kennysheep_little_box,
          minmay_misc_feat_doors
D:7:      layout_cave_pods, minmay_temple_entry_statues_fountains,
          serial_column_ruins, column_ruins_open_tiny,
          column_ruins_columns_straight, column_ruins_columns_straight,
          column_ruins_grid_3, column_ruins_open_small, column_ruins_open_small,
          uniq_menkaure
D:8:      layout_basic, uniq_maurice, uniq_erica
D:9:      layout_cave_pods, serial_shops, kennysheep_mini_moat
D:10:     layout_irregular_city, minitemple, lair_entry_dummy, grunt_decor_cap
D:11:     layout_loops_ring, david_orc_2, hangedman_stone_soup,
          minmay_fountain_box, nicolae_elyvilon_temple_path
D:12:     layout_stronghold, portal_ice_cave_demonic_guard, uniq_frances
Temple:   nicolae_temple_two_arcs
IceCv:    ice_cave_statue_garden_chambered

Skill      XL: |  1  2  3  4  5  6  7  8  9 10 11 12 |
---------------+-------------------------------------+-----
Fighting       | 3 4 5 6 7 8 |  8.4
Dodging        | 3 |  3.8
Unarmed Combat | 4 5 7 8 |  8.4
Armour         | 1 2 3 4 5 6 |  6.4
Spellcasting   | 2 4 5 6 |  6.4
Invocations    | 3 5 7 8 |  8.0
Short Blades   | 2 4 6 |  6.7
Stealth        | 2 4 5 6 |  6.5

Action                     |  1- 3 |  4- 6 |  7- 9 | 10-12 || total
---------------------------+-------+-------+-------+-------++-------
  Melee: Unarmed           |    54 |   103 |   204 |   373 ||   734
         Bite              |    18 |    33 |    87 |   196 ||   334
    Use: Potion            |     1 |       |       |     1 ||     2
         Scroll            |       |       |       |    10 ||    10
   Stab: Paralysed         |       |       |    13 |    34 ||    47
 Armour: Robe              |     6 |    17 |       |       ||    23
         Plate armour      |       |    21 |    83 |   169 ||   273
  Dodge: Dodged            |    29 |    71 |   108 |   203 ||   411

Table legend: (Time is in decaauts)
 A = Elapsed time spent in this place.
 B = Non-inter-level travel time spent in this place.
 C = Inter-level travel time spent in this place.
 D = Time resting spent in this place.
 E = Time spent auto-exploring this place.
 F = Levels seen in this place.
 G = Mean time per level.
                   A        B        C        D        E       F      G
               +--------+--------+--------+--------+--------+-----+--------+
         Total |   8621 |   8235 |    386 |    104 |   6551 |  14 |  615.8 |
       Dungeon |   8590 |   8211 |    379 |    104 |   6551 |  12 |  715.8 |
        Temple |     18 |     11 |      7 |      0 |      0 |   1 |   18.0 |
      Ice Cave |     12 |     12 |      0 |      0 |      0 |   1 |   12.0 |
               +--------+--------+--------+--------+--------+-----+--------+

Top non-repeatable levels by time:
     D:9: 992 daAuts
     D:7: 965 daAuts
     D:5: 908 daAuts
    D:10: 842 daAuts
     D:8: 834 daAuts
    D:11: 805 daAuts
     D:6: 746 daAuts
     D:4: 606 daAuts
     D:3: 594 daAuts
     D:2: 568 daAuts
     D:1: 527 daAuts
    D:12: 199 daAuts
  Temple: 18 daAuts
   IceCv: 12 daAuts
